 Dungeon Crawl Stone Soup version 0.14-a0-2839-g31ee8e6 (webtiles) character file.

189 RIDDIMRIDER the Slasher (level 3, -3/29 HPs)
             Began as a Minotaur Berserker on Feb 26, 2014.
             Was a Believer of Trog.
             Killed by divine providence
             ... invoked by an orc priest
              (15 damage)
             ... on Level 3 of the Dungeon.
             The game lasted 00:15:54 (1735 turns).

RIDDIMRIDER the Slasher (Minotaur Berserker)        Turns: 1735, Time: 00:15:54

HP  -3/29        AC 10     Str 21      XL: 3   Next: 76%
MP   2/2         EV  7     Int  4 (5)  God: Trog [**....]
Gold 131         SH  0     Dex  9      Spells:  0 memorised,  2 levels left

rFire  . . .     SeeInvis .     a - +0,+1 falchion
rCold  + . .     Clarity  .     f - +1 chain mail (curse)
rNeg   . . .     Conserve .     (no shield)
rPois  .         rCorr    .     (helmet restricted)
rElec  .         rRot     .     (no cloak)
SustAb . .       Spirit   .     (no gloves)
rMut   .         Warding  .     (no boots)
Saprov . . .     Stasis   .     (no amulet)
MR     .....                    (no ring)
                                e - ring of ice

@: not resistant to hostile enchantments, extremely unstealthy
A: retaliatory headbutt, horns 2, deterioration 1, fire resistance 1, frail 1
a: Burn Spellbooks, Berserk, Trog's Hand, Renounce Religion


You were on level 3 of the Dungeon.
You worshipped Trog.
Trog was pleased with you.
You were not hungry.

You visited 1 branch of the dungeon, and saw 3 of its levels.

You collected 131 gold pieces.

Inventory:

Hand weapons
 a - a +0,+1 falchion (weapon)
 g - a +0,+0 sling
 h - a +2,+2 sling
Missiles
 i - 9 darts
 k - 10 steel darts (quivered)
 o - 7 poisoned needles
Armour
 b - a +0 animal skin
 d - a +2 robe of fire resistance
 f - a cursed +1 chain mail (worn)
Comestibles
 c - 2 bread rations
 n - a choko
 p - a chunk of bat flesh
Scrolls
 j - a scroll of identify {unknown}
 q - a scroll of remove curse {unknown}
Jewellery
 e - a ring of ice (left hand)
Potions
 m - a potion of curing
 r - a potion of agility {unknown}


   Skills:
 + Level 4.2 Fighting
 + Level 4.4 Long Blades
 + Level 2.8 Armour
 + Level 3.1 Dodging


You had 2 spell levels left.
You didn't know any spells.

Dungeon Overview and Level Annotations

Branches:
Dungeon (3/16)

Altars:


Innate Abilities, Weirdness & Mutations

You reflexively headbutt those who attack you in melee.
You have a pair of horns on your head.
Your body is slowly deteriorating.
Your flesh is heat resistant.
You are frail (-10% HP).


Message History

p - a chunk of bat flesh You see here a bat skeleton.
Read which item? (? for menu, Esc to quit)
As you read the scroll labeled FRETTU BEFOMARPH, it crumbles to dust.
Your +1 chain mail glows black for a moment.
It was a scroll of curse armour.
There is a stone staircase leading down here.
Things that are here:
a club; a goblin corpse An orc and an orc priest come into view.
The orc shouts!
The orc priest invokes the aid of Beogh against you.
Something smites you!
Found a club.
An orc comes into view. It is wielding a hand axe.
A rat comes into view.
The orc priest invokes the aid of Beogh against you.
Something smites you!
Ouch! That really hurt!
You die...

≈≈≈≈............. .........#
♣♣≈PP.......##### ########.#
♣♣♣♣♣.......# #.#
♣.♣♣...%....# #.#
♣.).........# #.#
♣.......)...# #.#
♣...........# #.#
..........o.##############.#
..........o...o.@..........#
###..#######################
#..# #..# #.o# #..# ....
..r.. .....


You could see an orc priest and 2 orcs.

Vanquished Creatures
  An adder (D:3)
  A worm (D:3)
  A giant gecko (D:3)
  5 orcs (D:3)
  2 ball pythons (D:1)
  8 bats
  5 goblins
  A hobgoblin (D:2)
  3 kobolds
  A quokka (D:2)
  5 giant newts
  5 rats
38 creatures vanquished.

Notes
Turn   | Place    | Note
--------------------------------------------------------------
     0 | D:1      | RIDDIMRIDER, the Minotaur Berserker, began the quest for the Orb.
     0 | D:1      | Reached XP level 1. HP: 19/19 MP: 1/1
   283 | D:1      | Reached skill level 4 in Long Blades
   316 | D:1      | Reached XP level 2. HP: 27/27 MP: 1/1
   650 | D:1      | Paralysed by a potion of paralysis for 5 turns
  1144 | D:2      | Acquired Trog's second power
  1518 | D:3      | Reached XP level 3. HP: 29/33 MP: 2/2
  1572 | D:3      | Gained mutation: You are frail (-10% HP). [potion of mutation]
  1572 | D:3      | Gained mutation: Your flesh is heat resistant. [potion of mutation]
  1572 | D:3      | Gained mutation: Your body is slowly deteriorating. [potion of mutation]
  1735 | D:3      | Killed from afar by an orc priest

Action                   || total
-------------------------++-------
Melee: Falchion          ||    93
  Use: Scroll            ||    11
       Potion            ||     4
